 Dungeon Crawl Stone Soup version 0.28.0-53-g5a82cb258f (webtiles) character file.

Game seed: 1800469420596352131

46 Legadrian the Ruffian (level 3, -2/29 HPs)
             Began as a Human Fighter on June 22, 2022.
             Was a Plaything of Xom.
             Frozen to death by an endoplasm (3 damage)
             ... on level 5 of the Dungeon.
             The game lasted 00:07:10 (1793 turns).

Legadrian the Ruffian (Human Fighter)               Turns: 1793, Time: 00:07:11

Health: -2/29      AC:  6    Str: 18    XL:     3   Next: 95%
Magic:  3/3        EV:  9    Int:  8    God:    Xom [*.....]
Gold:   77         SH:  4    Dex: 12    Spells: 2/2 levels left

rFire   . . .      SeeInvis .     - Unarmed
rCold   . . .      Faith    +   b - +0 buckler
rNeg    . . .      Spirit   .   a - +0 scale mail
rPois   .          Reflect  .   (no helmet)
rElec   .          Harm     .   (no cloak)
rCorr   .          Rampage  .   (no gloves)
Will    .....                   (no boots)
Stlth   ..........              d - amulet of faith
HPRegen 0.09/turn               (no ring)
MPRegen 0.08/turn               (no ring)

@: lethally poisoned (-2 -> -2), cleaving
A: no striking features
a: Renounce Religion


You were on level 5 of the Dungeon.
You worshipped Xom.
You were a special plaything of Xom.
You visited 1 branch of the dungeon, and saw 4 of its levels.

You collected 77 gold pieces.

Inventory:

Hand Weapons
 e - a +1 whip of flaming
 g - a +0 spear
Missiles
 i - 6 boomerangs (quivered)
Armour
 a - a +0 scale mail (worn)
 b - a +0 buckler (worn)
Jewellery
 d - an amulet of faith (around neck)
Scrolls
 h - a scroll of enchant weapon
 j - a scroll of teleportation {unknown}
Potions
 c - a potion of might
 f - 2 potions of curing


   Skills:
 - Level 3.0 Fighting
 - Level 3.0 Armour
 - Level 3.0 Shields
 + Level 3.9 Unarmed Combat


You had 2 spell levels left.
You didn't know any spells.
Your spell library contained the following spells:

 Spells                   Type           Power      Damage    Failure   Level
 Animate Skeleton         Necr           0%         N/A       87%         1
 Pain                     Necr           0%         1d4       87%         1
 Ensorcelled Hibernation  Hex/Ice        0%         N/A       95%         2
 Frozen Ramparts          Ice            0%         1d2       99%         3
 Spider Form              Tmut/Pois      0%         N/A       99%         3
 Vampiric Draining        Necr           0%         2d6       99%         3
 Anguish                  Hex/Necr       0%         N/A       100%        4
 Ice Form                 Ice/Tmut       0%         N/A       100%        4
 Summon Ice Beast         Ice/Summ       0%         N/A       100%        4
 Summon Lightning Spire   Summ/Air       0%         N/A       100%        4
 Storm Form               Tmut/Air       0%         N/A       100%        7
 Maxwell's Capacitive Co  Air            0%         ∞         100%        8


Dungeon Overview and Level Annotations

Branches:
Dungeon (5/15)
 Temple: D:4-7

Altars:
Xom


Message History

You miss the adder.
The adder is heavily wounded.
You feel sick. The adder bites you.
You are more poisoned.
The adder poisons you!
An endoplasm comes into view.
The endoplasm freezes you.
You are frozen.
A gnoll comes into view. It is wielding a +0 whip.
The gnoll closely misses you. The adder bites you but does no damage.
The gnoll shouts!
The endoplasm quivers.
You hit the endoplasm.
The endoplasm is severely wounded.
You feel sick. The endoplasm barely misses you.
The gnoll hits you with a +0 whip. The adder closely misses you.
You feel sick. Xom grants you a minor favour.
Your hands look sharp.
You block the gnoll's attack.
You feel sick. The gnoll hits you but does no damage.
You feel sick. The adder bites you.
* * * LOW HITPOINT WARNING * * *
You feel sick. The adder bites you but does no damage.
You block the gnoll's attack.
A gnoll comes into view. It is wielding a +0 whip.
There is a stone staircase leading down here.
You feel sick. The adder bites you but does no damage.
The endoplasm freezes you.
You are frozen.
* * * LOW HITPOINT WARNING * * *
The gnoll hits you but does no damage.
You climb downwards.
There is a stone staircase leading up here.
* * * LOW HITPOINT WARNING * * *
You feel sick. The endoplasm freezes you.
You are frozen.
You die...
Xom thinks this is hilarious!

##.# ...# ###..#
.Y..# #...# ...#
#g.#
######S.#######
.......J@.......
.######..#######
#... ##..# ...#
#.## #.# #.#


You could see an ice beast, a gnoll, an adder and an endoplasm.

Vanquished Creatures
  A worm (D:2)
  2 dart slugs (D:1)
  An orc (D:4)
  A ball python (D:4)
  5 bats
  4 endoplasms (D:1)
  5 goblins
  3 hobgoblins (D:1)
  3 jackals (D:2)
  2 kobolds (D:1)
  A quokka (D:2)
  2 frilled lizards (D:2)
  4 rats
34 creatures vanquished.

Notes
Turn   | Place    | Note
-------+----------+-------------------------------------------
     0 | D:1      | Legadrian the Human Fighter began the quest for the Orb.
     0 | D:1      | Reached XP level 1. HP: 18/18 MP: 1/1
   187 | D:1      | Reached XP level 2. HP: 24/24 MP: 2/2
   845 | D:1      | Reached XP level 3. HP: 28/29 MP: 3/3
  1177 | D:2      | Found a shimmering altar of Xom.
  1186 | D:2      | Became a worshipper of Xom of Chaos
  1199 | D:2      | XOM: silly message
  1330 | D:2      | XOM: silly message
  1451 | D:2      | XOM: god gift: 25 gold pieces
  1504 | D:2      | XOM: divination: detect items
  1769 | D:2      | You fall into a shaft and drop 2 floors!
  1781 | D:4      | XOM: blink monster(s)
  1787 | D:4      | XOM: cleaving
  1792 | D:5      | Entered Level 5 of the Dungeon
  1792 | D:5      | Noticed an ice beast
  1793 | D:5      | HP: 1/29 [poisoned by an adder]
  1793 | D:5      | Frozen to death by an endoplasm

Illustrated notes

Levels and vault maps discovered:
D:1:      eino_arrival_water_cross, layout_loops_corners
D:2:      layout_basic, basic_altar, minmay_between
D:4:      layout_basic, nzn_hepliaklqana_mist_gate, minmay_fractal_squares_5,
          uniq_blork_the_orc
D:5:      layout_basic, nzn_wu_jian_contemplation, minmay_temple_entry_waves,
          biasface_ghost_orc_armoury, nicolae_specific_store, uniq_menkaure

Skill      XL: |  1  2 |
---------------+-------+-----
Unarmed Combat | 3 |  3.9
Fighting       | |  3.0
Armour         | |  3.0
Shields        | |  3.0

Action                   || total
-------------------------++-------
Melee: Unarmed           ||   122
       Whip              ||    14
  Use: Scroll            ||     3
       Potion            ||     3
Armor: Scale mail        ||    55
Dodge: Dodged            ||    60
Block: Buckler           ||    33
